AoeStats
← Peru_o_O

African Clearing

510348736Analyzed
4v4 RM · 18h ago on Sep 30, 2026· 52m 1s· 8 players
Game mode
Random Map
Map size
Large (8 player)
Population
200
Speed
Normal
Resources
Standard
Victory
Conquest
Starting age
Dark Age
Ending age
Imperial Age
RankedLock teamsTeams togetherTeam positionsShared explorationLock speedFull tech treeHidden civsTurbo modeCheats
Victory
Defeat
🇺🇸 Varangians · United States
1295
+13
🇺🇸 Maya · United States
1292
+13
🇮🇳 Wu · India
1264
+14
🇹🇼 Persians · Taiwan
1212
+16
🇬🇧 Varangians · United Kingdom
1281
-16
🇵🇾 Vietnamese · Paraguay
1233
-14
🇵🇪 Persians · Peru
1219
-14
🇷🇺 Huns · Russia
1172
-12
WolffJesu
5:06 Loom
14:42 Feudal Age
15:52 Double-Bit Axe
18:31 Castle Age
17:54 Fletching
19:38 Bodkin Arrow
20:21 Bow Saw
20:19 Gold Mining
24:05 Padded Archer Armor
27:39 Leather Archer Armor
29:41 Town Watch
31:21 Bloodlines
31:11 Husbandry
33:37 Thumb Ring
34:17 Wheelbarrow
36:07 Stone Mining
39:41 Imperial Age
37:59 Scale Mail Armor
40:14 Chain Mail Armor
43:39 Plate Mail Armor
43:20 Forging
43:01 Arson
43:16 Squires
44:37 Squires
44:50 Pikeman
46:10 Iron Casting
46:53 Halberdier
49:38 Ring Archer Armor
50:09 Town Patrol
AngryKok
3:30 Loom
15:42 Feudal Age
19:08 Wheelbarrow
19:05 Fletching
23:43 Castle Age
22:13 Stone Mining
25:39 Bloodlines
25:29 Husbandry
29:21 Double-Bit Axe
30:18 Marauders
35:05 Forging
35:00 Scale Barding Armor
37:25 Hand Cart
38:08 Iron Casting
39:24 Chain Barding Armor
cdb
4:19 Loom
12:38 Feudal Age
13:11 Double-Bit Axe
16:45 Fletching
22:10 Padded Archer Armor
24:29 Bloodlines
27:08 Scale Barding Armor
30:27 Castle Age
30:01 Forging
32:33 Bow Saw
32:04 Horse Collar
32:53 Bodkin Arrow
35:00 Heavy Plow
38:33 Scale Mail Armor
41:11 Wheelbarrow
48:58 Hand Cart
Peru_o_O
3:03 Loom
12:12 Feudal Age
12:38 Double-Bit Axe
17:31 Scale Barding Armor
25:52 Castle Age
24:50 Bloodlines
28:03 Chain Barding Armor
31:49 Forging
37:55 Horse Collar
40:55 Iron Casting
40:36 Husbandry
44:01 Imperial Age
42:39 Bow Saw
44:14 Heavy Plow
43:50 Cavalier
45:11 Plate Barding Armor
46:02 Blast Furnace
49:05 Wheelbarrow
48:29 Savar
I ONLY MAKE SKIRMS
2:52 Loom
13:45 Feudal Age
14:24 Double-Bit Axe
17:25 Castle Age
15:26 Horse Collar
19:43 Bow Saw
23:27 Fletching
25:48 Town Watch
27:04 Padded Archer Armor
27:00 Bodkin Arrow
27:17 Gold Mining
28:46 Ballistics
29:22 Wheelbarrow
29:20 Leather Archer Armor
35:44 Imperial Age
35:42 Stone Mining
37:28 Bracer
37:55 Conscription
38:59 Two-Man Saw
37:44 Elite Plumed Archer
39:49 Ring Archer Armor
38:46 Pikeman
39:35 Halberdier
40:20 Scale Mail Armor
41:20 Forging
41:59 Squires
41:45 Arson
44:07 Stone Shaft Mining
43:39 Arson
44:30 Iron Casting
44:11 Chain Mail Armor
46:59 Blast Furnace
47:30 Masonry
50:34 Plate Mail Armor
SLAMCOW
5:53 Loom
14:40 Feudal Age
16:04 Man-at-Arms
16:30 Arson
28:11 Castle Age
26:31 Stone Mining
26:27 Double-Bit Axe
30:48 Wheelbarrow
31:32 Wheelbarrow
35:56 Town Watch
37:36 Hand Cart
39:50 Bow Saw
45:29 Horse Collar
46:00 Gambesons
46:15 Squires
46:17 Scale Mail Armor
48:43 Fletching
49:05 Forging
50:30 Gold Mining
51:08 Chain Mail Armor
51:28 Iron Casting
野豬騎士來囉
13:01 Feudal Age
16:45 Castle Age
15:04 Double-Bit Axe
15:34 Horse Collar
16:10 Loom
17:49 Bow Saw
26:46 Wheelbarrow
27:31 Heavy Plow
32:47 Imperial Age
31:04 Scale Barding Armor
32:23 Chain Barding Armor
32:14 Forging
32:23 Gold Mining
32:53 Bloodlines
32:44 Husbandry
34:25 Hand Cart
35:08 Plate Barding Armor
35:10 Cavalier
36:29 Iron Casting
37:26 Conscription
38:46 Blast Furnace
38:42 Savar
39:34 Light Cavalry
43:25 Hussar
46:04 Fletching
46:14 Padded Archer Armor
48:31 Gold Shaft Mining
47:47 Stone Mining
48:46 Crop Rotation
48:13 Bodkin Arrow
48:33 Leather Archer Armor
48:19 Scale Mail Armor
48:23 Kamandaran
49:29 Chemistry
48:53 Ballistics
52:08 Stone Shaft Mining
51:51 Thumb Ring
51:07 Crossbowman
[T41] Indian War Lord
3:39 Loom
12:43 Feudal Age
12:55 Man-at-Arms
13:49 Arson
20:14 Fletching
23:50 Double-Bit Axe
24:39 Padded Archer Armor
Connection lost

Rejoining the realm…

Still unreachable

The connection could not be restored.

Session expired

The server has moved on; the page needs a fresh start.